 Dungeon Crawl Stone Soup version 0.21.1-1-g345015f (webtiles) character file.

301 ximkin the Chopper (level 6, -10/47 HPs)
             Began as a Human Berserker on Feb 10, 2018.
             Was a Priest of Trog.
             Mangled by a gnoll
             ... wielding a +0 halberd
              (13 damage)
             ... on level 4 of the Dungeon.
             The game lasted 00:27:14 (3001 turns).

ximkin the Chopper (Human Berserker)                Turns: 3001, Time: 00:27:15

Health: -10/47     AC:  6    Str: 20    XL:     6   Next: 64%
Magic:  6/6        EV: 12    Int:  7    God:    Trog [***...]
Gold:   145        SH:  0    Dex: 12    Spells: 5/5 levels left

rFire    . . .     SeeInvis .   a - +0 hand axe
rCold    . . .     Gourm    .   (no shield)
rNeg     . . .     Faith    .   B - +0 ring mail
rPois    .         Spirit   .   l - +0 helmet
rElec    .         Reflect  .   (no cloak)
rCorr    +         Harm     +   (no gloves)
MR       .....                  (no boots)
Stlth    ..........             p - amulet of harm
HPRegen  0.15/turn              k - ring of resist corrosion
MPRegen  0.10/turn              s - ring of loudness (curse)

@: berserk cooldown, slowed, very slow
A: no striking features
a: Berserk, Trog's Hand, Burn Spellbooks, Renounce Religion


You were on level 4 of the Dungeon.
You worshipped Trog.
Trog was most pleased with you.
You were very hungry.

You visited 1 branch of the dungeon, and saw 4 of its levels.

You collected 145 gold pieces.

Inventory:

Hand Weapons
 a - a +0 hand axe (weapon)
 g - a +0 club
 u - a +0 mace
 w - a +0 blowgun
 x - a +0 dagger
 y - a +0 trident
Missiles
 d - 54 bolts
 e - 56 stones (quivered)
 t - 11 poisoned needles
Armour
 b - a +0 animal skin
 l - a +0 helmet (worn)
 n - a +0 chain mail
 v - a +0 leather armour
 B - a +0 ring mail (worn)
Jewellery
 k - a ring of resist corrosion (left hand)
 p - an amulet of harm (around neck)
 s - a cursed ring of loudness (right hand)
 z - an uncursed ring of protection from magic {unknown}
 C - a +1 ring of protection {unknown}
Wands
 m - a wand of random effects (19)
Scrolls
 i - 2 scrolls of fog
 o - a scroll of identify
 A - a scroll of noise {unknown}
 D - 2 scrolls of magic mapping {unknown}
 E - a scroll of amnesia {unknown}
Potions
 f - 2 potions of brilliance {unknown}
 h - a potion of curing {unknown}
 j - a potion of invisibility {unknown}
 q - 2 potions of heal wounds {unknown}
 r - 2 potions of agility {unknown}
Comestibles
 c - 2 rations
 F - a chunk of flesh


   Skills:
 - Level 3.0 Fighting
 + Level 6.0 Axes
 + Level 2.7 Armour
 + Level 3.1 Dodging
 + Level 0.7 Stealth


You had 5 spell levels left.
You didn't know any spells.

Dungeon Overview and Level Annotations

Branches:
Dungeon (4/15)
 Temple: D:4-7

Altars:
Xom


Message History

The gnoll hits you with a flail of crushing!
* * * LOW HITPOINT WARNING * * *
x2 A red film seems to cover your vision as you go berserk!
You feel yourself moving faster!
You feel mighty!
You are feeling hungry.
The gnoll hits you with a flail of crushing.
* * * LOW HITPOINT WARNING * * *
x2 You are feeling very hungry.
You barely miss the gnoll.
The gnoll is heavily wounded.
The gnoll misses you.
You slash the gnoll!
You kill the gnoll!
Trog accepts your kill.
You feel a strong urge to attack something.
You feel your anger nearly subside.
You are no longer berserk.
You are exhausted.
You feel yourself slow down.
The gnoll hits you from afar with a halberd!
You die...

... ##........####
... ##.##..#..# #.#
#........## #.#
##...#...##
#.######........# #
#.#............## #.
##...###..#.##.##
#..##....##........#
#....)#.....@######
#.........g..#
......#........#
..!#####...#..## ..
#........##
......##..#..# .###
...<...# .####...#
#....


You could see a gnoll.

Vanquished Creatures
  The ghost of HEYYEYAAE the Skirmisher, an amateur DECK of Xom (D:3)
  A scorpion (D:3)
  An iguana (D:4)
  2 gnolls (D:4)
  4 adders
  2 oozes
  4 worms
  A dart slug (D:3)
  A leopard gecko (D:2)
  5 orcs (D:3)
  A ball python (D:3)
  5 giant cockroaches
  5 goblins
  10 hobgoblins
  3 jackals
  2 quokkas
  7 bats
  3 frilled lizards
  8 kobolds
  7 rats
73 creatures vanquished.

Notes
Turn   | Place    | Note
-------+----------+-------------------------------------------
     0 | D:1      | ximkin the Human Berserker began the quest for the Orb.
     0 | D:1      | Reached XP level 1. HP: 18/18 MP: 1/1
    87 | D:1      | Reached XP level 2. HP: 24/24 MP: 2/2
   359 | D:1      | Reached XP level 3. HP: 27/29 MP: 3/3
  1014 | D:2      | Found a shimmering altar of Xom.
  1035 | D:2      | Reached ** piety under Trog
  1505 | D:2      | Reached skill level 4 in Axes
  1656 | D:2      | Reached XP level 4. HP: 35/35 MP: 4/4
  2347 | D:3      | Noticed HEYYEYAAE's ghost (amateur DECK)
  2353 | D:3      | Reached XP level 5. HP: 25/41 MP: 5/5
  2365 | D:3      | Killed HEYYEYAAE's ghost
  2365 | D:3      | Reached skill level 5 in Axes
  2365 | D:3      | Reached XP level 6. HP: 28/47 MP: 6/6
  2687 | D:3      | Found a faded altar of an unknown god.
  2817 | D:3      | Reached *** piety under Trog
  2988 | D:4      | Reached skill level 6 in Axes
  2992 | D:4      | HP: 3/70 [gnoll/flail of crushing (3)]
  3001 | D:4      | Mangled by a gnoll

Skill      XL: |  1  2  3  4  5  6 |
---------------+-------------------+-----
Axes           | 4 5 6 |  6.0
Dodging        | 3 |  3.1
Fighting       | |  3.0
Armour         | |  2.7
Stealth        | |  0.7

Action                   |  1- 3 |  4- 6 || total
-------------------------+-------+-------++-------
Melee: Hand axe          |   149 |   141 ||   290
Invok: Berserk           |     1 |     2 ||     3
  Use: Scroll            |       |     2 ||     2
 Stab: Sleeping          |     1 |       ||     1
       Distracted        |     1 |       ||     1
  Eat: Chunk             |     2 |       ||     2
       Ration            |     1 |     1 ||     2
Armor: Animal skin       |    23 |       ||    23
       Chain mail        |    82 |    55 ||   137
       Ring mail         |       |    12 ||    12
Dodge: Dodged            |   121 |    74 ||   195
